 Dungeon Crawl Stone Soup version 0.23.0-28-g6fe0f4d (webtiles) character file.

Game seed: 13552004052874931352

909 Borgoz the Ruffian (level 8, -7/65 (66) HPs)
             Began as a Ghoul Warper on Feb 25, 2019.
             Shot with an arrow by a centaur (11 damage)
             ... on level 6 of the Dungeon.
             The game lasted 00:09:28 (3834 turns).

Borgoz the Ruffian (Ghoul Warper)                   Turns: 3834, Time: 00:09:29

HP:   -7/65 (66)    AC:  6    Str: 18 (19) XL:     8   Next: 8%
MP:   11/11         EV: 12    Int:  7 (8)  God:
Gold: 253           SH:  0    Dex:  9 (10) Spells: 10/12 levels left

rFire    . . .     SeeInvis .     - Unarmed
rCold    + . .     Gourm    .   (no shield)
rNeg     + + +     Faith    .   p - +0 ring mail
rPois    ∞         Spirit   .   (no helmet)
rElec    .         Reflect  .   o - +0 cloak (curse)
rCorr    .         Harm     .   (no gloves)
MR       +....                  (no boots)
Stlth    +.........             (no amulet)
HPRegen  0.00/turn              k - +4 ring of strength
MPRegen  0.12/turn              m - ring of protection from magic

@: about to teleport, rotting
A: rotting body, claws 1, carnivore, cold resistance 1, negative energy
resistance 3, inhibited regeneration, torment resistance, unbreathing
a: no special abilities


You were on level 6 of the Dungeon.
You were not hungry.

You visited 1 branch of the dungeon, and saw 6 of its levels.

You collected 253 gold pieces.

Inventory:

Missiles
 d - 5 tomahawks of dispersal (quivered)
 j - 11 tomahawks
Armour
 a - a +0 leather armour
 o - a cursed +0 cloak (worn)
 p - a +0 ring mail (worn)
Jewellery
 k - a +4 ring of strength (left claw)
 m - a ring of protection from magic (right claw)
 w - an uncursed ring of stealth
Scrolls
 e - 3 scrolls of amnesia
 i - 2 scrolls of enchant armour
 n - 4 scrolls of identify
 r - a scroll of enchant weapon {unknown}
 s - a scroll of random uselessness {unknown}
 t - 2 scrolls of remove curse {unknown}
Potions
 h - a potion of flight
Comestibles
 f - 18 rations


   Skills:
 + Level 3.9 Fighting
 - Level 0.8 Throwing
 + Level 2.6 Armour
 * Level 4.2 Dodging
 + Level 3.3 Stealth
 * Level 5.2 Unarmed Combat
 + Level 2.9 Spellcasting
 + Level 3.5 Translocations


You had 10 spell levels left.
You knew the following spells:

 Your Spells              Type           Power        Failure   Level  Hunger
a - Blink                 Tloc           N/A          22%         2    ###....

Your spell library contained the following spells:

 Spells                   Type           Power        Failure   Level  Hunger
 Shroud of Golubria       Chrm/Tloc      #.........   41%         2    ###....
 Gell's Gravitas          Tloc           #.........   41%         3    ####...
 Lesser Beckoning         Tloc           #.........   41%         3    ####...
 Teleport Other           Tloc           #.......     41%         3    ####...
 Passage of Golubria      Tloc           N/A          82%         4    #####..


Dungeon Overview and Level Annotations

Branches:
Dungeon (6/15)
 Temple: D:4-7

Altars:
Cheibriados
Gozag
Qazlal
Vehumet
Wu Jian
The Shining One

Shops:
D:4 *


Innate Abilities, Weirdness & Mutations

Your body is rotting away.
You thrive on raw meat.
You are immune to poison.
You have sharp fingernails.
You are carnivorous and can eat meat at any time.
Your flesh is cold resistant. (rC+)
You are immune to negative energy. (rN+++)
You do not regenerate when monsters are visible.
You are immune to unholy pain and torment.
You can survive without breathing.


Message History

It was a potion of cancellation.
Your magical effects are unravelling.
You feel magically purged.
Your resistance to elements expires.
The centaur shouts!
The hound barks!
The orc hits you but does no damage. The orc wizard closely misses you.
The centaur hits you but does no damage.
You closely miss the orc. The centaur barely misses you.
The orc wizard hits you but does no damage.
The orc misses you.
Okay, then.
As you read the scroll of teleportation, it crumbles to dust.
You feel strangely unstable.
The centaur hits you but does no damage.
The orc wizard hits you but does no damage.
The orc hits you but does no damage. The centaur hits you.
* * * LOW HITPOINT WARNING * * *
The centaur wields a +0 shortbow.
The centaur shoots an arrow.
The arrow hits you!
You die...

#......#
#........
#......#..
#......#..
#......#######
...........#
....<......#
...........#
.....ho@...#
..##..o....#
#..c....#
#.......#
#########


You could see a centaur, a hound, an orc wizard and an orc.

Vanquished Creatures
  An ogre (D:4)
  2 bullfrogs
  2 howler monkeys
  2 crimson imps
  A hound (D:4)
  2 jellies (D:6)
  4 orc wizards
  A centaur skeleton (D:4)
  An iguana (D:4)
  4 worker ants
  A hound zombie (D:5)
  3 adders
  2 oozes (D:3)
  An adder skeleton (D:4)
  4 worms
  4 dart slugs
  7 leopard geckos
  20 orcs
  A ball python (D:3)
  4 bats (D:1)
  4 giant cockroaches
  6 goblins
  10 hobgoblins
  7 jackals
  11 kobolds
  2 quokkas
  5 frilled lizards
  10 rats
122 creatures vanquished.

Vanquished Creatures (others)
  A hound (D:6)
1 creature vanquished.

Grand Total: 123 creatures vanquished

Notes
Turn   | Place    | Note
-------+----------+-------------------------------------------
     0 | D:1      | Borgoz the Ghoul Warper began the quest for the Orb.
     0 | D:1      | Reached XP level 1. HP: 17/17 MP: 2/2
    37 | D:1      | Reached skill level 1 in Armour
    39 | D:1      | Reached XP level 2. HP: 20/24 MP: 3/3
   101 | D:2      | Reached XP level 3. HP: 18/30 MP: 3/5
   156 | D:2      | Reached skill level 1 in Stealth
   229 | D:2      | Reached skill level 3 in Unarmed Combat
   330 | D:2      | Reached XP level 4. HP: 26/37 MP: 6/6
   367 | D:2      | Found a stormy altar of Qazlal.
   390 | D:2      | Noticed an earth elemental
   398 | D:2      | Noticed a fire elemental
   402 | D:2      | Noticed an air elemental
   403 | D:2      | Noticed a water elemental
  1210 | D:4      | Reached XP level 5. HP: 25/44 MP: 7/7
  1307 | D:3      | Learned a level 2 spell: Blink
  1662 | D:3      | Reached XP level 6. HP: 51/51 MP: 8/8
  2061 | D:4      | Reached skill level 4 in Unarmed Combat
  2471 | D:4      | Found Koweiw's General Store.
  2734 | D:4      | Reached XP level 7. HP: 46/55 MP: 9/9
  2770 | D:4      | Found a snail-covered altar of Cheibriados.
  2782 | D:4      | Found an opulent altar of Gozag.
  2782 | D:4      | Found a glowing golden altar of the Shining One.
  2784 | D:4      | Found a radiant altar of Vehumet.
  2785 | D:4      | Found an ornate altar of the Wu Jian Council.
  2948 | D:5      | Entered Level 5 of the Dungeon
  3570 | D:6      | Reached skill level 5 in Unarmed Combat
  3587 | D:6      | Reached XP level 8. HP: 10/66 MP: 11/11
  3834 | D:6      | Shot with an arrow by a centaur

Skill      XL: |  1  2  3  4  5  6  7 |
---------------+----------------------+-----
Armour         | 1 2 |  2.6
Dodging        | 2 3 4 |  4.2
Spellcasting   | 2 |  2.9
Stealth        | 1 2 3 |  3.3
Unarmed Combat | 3 4 5 |  5.2
Fighting       | 3 |  3.9
Translocations | 3 |  3.5
Throwing       | |  0.8

Action                   |  1- 3 |  4- 6 |  7- 9 || total
-------------------------+-------+-------+-------++-------
Melee: Unarmed           |    68 |   307 |   116 ||   491
       Punch             |       |     1 |     2 ||     3
  Use: Scroll            |     2 |     6 |     4 ||    12
       Potion            |       |     1 |     6 ||     7
 Stab: Sleeping          |       |     6 |       ||     6
  Eat: Chunk             |    13 |    33 |     3 ||    49
Armor: Leather armour    |    10 |    35 |       ||    45
       Ring mail         |       |     1 |    41 ||    42
Dodge: Dodged            |    33 |   174 |    61 ||   268
